AoeStats
← jphilkill

Arena

508634467Analyzed
4v4 RM · 9d ago on Sep 23, 2026· 61m 25s· 8 players
Game mode
Random Map
Map size
Large (8 player)
Population
200
Speed
Normal
Resources
Standard
Victory
Conquest
Starting age
Dark Age
Ending age
Imperial Age
RankedLock teamsTeams togetherTeam positionsShared explorationLock speedFull tech treeHidden civsTurbo modeCheats
Victory
Defeat
🇺🇸 Khmer · United States
894
+15
🇨🇳 Bohemians · China
882
+15
🇰🇷 Goths · South Korea
808
+18
🇨🇳 Turks · China
769
+19
🇹🇷 Franks · Türkiye
870
-17
🇳🇱 Chinese · Netherlands
856
-17
🇬🇧 Maya · United Kingdom
855
-17
🇩🇪 Celts · Germany
847
-16
Murph0uake
11:31 Feudal Age
15:42 Castle Age
15:13 Horse Collar
20:35 Double-Bit Axe
24:38 Fletching
26:01 Padded Archer Armor
28:18 Wheelbarrow
27:34 Loom
28:24 Bodkin Arrow
28:44 Leather Archer Armor
28:42 Gold Mining
32:52 Imperial Age
30:35 Bow Saw
30:30 Heavy Plow
31:42 Thumb Ring
32:11 Ballistics
33:15 Hand Cart
34:46 Chemistry
34:31 Ring Archer Armor
34:01 Bracer
33:32 Capped Ram
34:03 Pikeman
34:07 Eagle Warrior
34:55 Elite Plumed Archer
35:58 Conscription
36:12 Holcans
35:50 Scale Mail Armor
36:00 Forging
36:14 Squires
36:01 Elite Eagle Warrior
38:40 Siege Ram
39:53 Onager
43:19 Chain Mail Armor
43:40 Iron Casting
48:45 Elite Skirmisher
WaterfietsXL
0:46 Loom
12:28 Feudal Age
13:55 Double-Bit Axe
15:51 Man-at-Arms
30:08 Castle Age
30:54 Long Swordsman
33:31 Bow Saw
33:04 Horse Collar
36:57 Heavy Plow
39:36 Gold Mining
43:32 Imperial Age
43:36 Cavalier
48:01 Conscription
53:12 Light Cavalry
56:07 Chemistry
54:48 Elite Fire Lancer
59:25 Two-Handed Swordsman
yeniçeri
0:29 Loom
11:45 Feudal Age
17:16 Castle Age
15:35 Double-Bit Axe
jphilkill
1:06 Loom
12:21 Feudal Age
18:27 Castle Age
16:30 Double-Bit Axe
17:38 Horse Collar
23:32 Wheelbarrow
23:45 Gold Mining
24:31 Stone Mining
27:40 Hand Cart
27:27 Husbandry
37:29 Scale Mail Armor
37:40 Forging
37:35 Scale Barding Armor
42:22 Imperial Age
41:58 Chain Mail Armor
42:19 Iron Casting
44:38 Heavy Plow
45:36 Scale Barding Armor
45:22 Cavalier
47:05 Blast Furnace
47:35 Chain Barding Armor
48:09 Conscription
48:54 Gold Shaft Mining
49:22 Stone Shaft Mining
51:13 Pikeman
52:18 Halberdier
54:47 Elite Skirmisher
56:11 Fletching
56:21 Padded Archer Armor
rananculus
0:29 Loom
12:34 Feudal Age
16:30 Double-Bit Axe
23:42 Castle Age
21:34 Horse Collar
22:16 Gold Mining
22:24 Stone Mining
22:13 Man-at-Arms
23:11 Scale Mail Armor
25:26 Forging
26:43 Wheelbarrow
25:53 Town Watch
25:57 Pikeman
26:37 Long Swordsman
27:18 Squires
36:29 Anarchy
37:05 Heavy Plow
39:41 Imperial Age
38:35 Bow Saw
39:23 Iron Casting
39:12 Chain Mail Armor
40:50 Conscription
41:04 Ballistics
41:46 Chemistry
41:58 Hand Cart
41:59 Halberdier
42:45 Two-Handed Swordsman
45:06 Blast Furnace
44:11 Perfusion
45:37 Two-Man Saw
46:54 Town Patrol
49:30 Murder Holes
49:46 Masonry
49:18 Treadmill Crane
53:18 Champion
55:55 Crop Rotation
58:35 Heavy Scorpion
58:35 Onager
致命伪装
0:31 Loom
17:42 Feudal Age
17:47 Man-at-Arms
22:45 Stone Mining
23:50 Horse Collar
26:32 Double-Bit Axe
38:38 Wheelbarrow
42:09 Fletching
42:22 Padded Archer Armor
46:05 Castle Age
47:33 Hand Cart
47:20 Bodkin Arrow
47:44 Leather Archer Armor
48:48 Town Watch
53:06 Caravan
53:41 Ballistics
53:33 Masonry
53:33 Murder Holes
55:27 Town Patrol
55:41 Heavy Plow
55:56 Bow Saw
58:39 Fortified Wall
58:40 Masonry
58:12 Treadmill Crane
59:12 Ballistics
63:19 Imperial Age
seven^^
11:05 Feudal Age
15:49 Castle Age
13:50 Double-Bit Axe
14:12 Horse Collar
29:21 Sanctity
29:13 Fervor
34:07 Imperial Age
32:26 Wheelbarrow
32:42 Bow Saw
34:35 Chemistry
34:48 Heavy Plow
36:14 Houfnice
37:00 Pikeman
37:41 Squires
37:26 Arson
38:40 Caravan
38:50 Halberdier
41:06 Siege Engineers
42:11 Forging
42:02 Scale Mail Armor
44:02 Iron Casting
45:42 Chain Mail Armor
46:28 Blast Furnace
56:02 Plate Mail Armor
eleven
11:11 Feudal Age
12:33 Wheelbarrow
11:59 Double-Bit Axe
16:42 Castle Age
15:45 Horse Collar
16:11 Stone Mining
17:50 Hand Cart
18:12 Bow Saw
25:47 Gold Mining
27:03 Stone Shaft Mining
27:13 Ballistics
30:00 Gold Shaft Mining
32:28 Imperial Age
30:16 Scale Mail Armor
30:55 Scale Barding Armor
31:02 Forging
31:05 Masonry
32:49 Chain Mail Armor
33:10 Iron Casting
32:55 Chain Barding Armor
32:11 Pikeman
32:37 Arson
33:34 Conscription
33:56 Caravan
33:23 Light Cavalry
34:13 Bloodlines
34:03 Husbandry
34:18 Onager
34:19 Heavy Scorpion
36:49 Blast Furnace
36:51 Chemistry
35:36 Hussar
37:33 Plate Barding Armor
37:25 Double Crossbow
38:01 Siege Engineers
39:28 Heavy Scorpion
39:34 Halberdier
45:15 Fortified Wall
45:21 Capped Ram
48:08 Coinage
55:58 Banking
Connection lost

Rejoining the realm…

Still unreachable

The connection could not be restored.

Session expired

The server has moved on; the page needs a fresh start.